 Dungeon Sprint DCSS version 0.13-a0-2640-geebf78d (webtiles) character file.

1909 Kae the Destroyer (level 8, -6/41 HPs)
             Began as a Tengu Fire Elementalist on Aug 6, 2013.
             Mangled by a griffon (8 damage)
             ... in the Dungeon (Sprint II: "The Violet Keep of Menkaure").
             The game lasted 00:02:17 (862 turns).

Kae the Destroyer (Tengu Fire Elementalist)          Turns: 862, Time: 00:02:17

HP  -6/41        AC  2     Str  9      XL: 8   Next:  9%
MP  13/23        EV 15     Int 12 (18) God:
Gold 992         SH  0     Dex 14      Spells:  5 memorised,  7 levels left

Res.Fire  : . . .   See Invis. : .   (no weapon)
Res.Cold  : . . .   Warding    : .   a - +0 robe
Life Prot.: . . .   Conserve   : .   (no shield)
Res.Poison: .       Res.Corr.  : .   (helmet restricted)
Res.Elec. : .       Clarity    : .   (no cloak)
Sust.Abil.: . .     Spirit.Shd : .   (no gloves)
Res.Mut.  : .       Prev.Telep.: +   (boots unavailable)
Res.Rott. : .       Flight     : +   (no amulet)
Saprovore : . . .                    (no ring)
                                     (no ring)

@: flying, quick, slightly resistant to hostile enchantments, fairly stealthy
A: able to fly, beak, talons 3
a: no special abilities


You were in the Dungeon.
You were not hungry.

You visited 1 branch You collected 972 gold pieces.

Inventory:

Armour
 a - a +0 robe (worn)
Scrolls
 i - a scroll of blinking
Potions
 d - a potion of curing
 e - a potion of heal wounds
 f - a potion of speed
 g - a potion of magic
Books
 b - a book of Flames

   Spells                             Type                      Level
   *Flame Tongue                      Conjuration/Fire             1
   *Throw Flame                       Conjuration/Fire             2
   *Conjure Flame                     Conjuration/Fire             3
   Inner Flame                        Hexes/Fire                   3
   *Sticky Flame                      Conjuration/Fire             4
   *Fireball                          Conjuration/Fire             5


   Skills:
 - Level 2.1 Dodging
 - Level 2.0 Stealth
 + Level 7.8 Spellcasting
 * Level 15.1 Conjurations
 + Level 10.0 Fire Magic


You had 7 spell levels left.
You knew the following spells:

 Your Spells              Type           Power        Failure   Level  Hunger
a - Flame Tongue          Conj/Fire      ####.        1%          1    None
b - Throw Flame           Conj/Fire      ####..       1%          2    #......
c - Conjure Flame         Conj/Fire      ####....     1%          3    ###....
d - Sticky Flame          Conj/Fire      ####....     1%          4    ####...
e - Fireball              Conj/Fire      ####......   2%          5    #####..


Dungeon Overview and Level Annotations

Branches:
Dungeon (1/1)

Altars:
Cheibriados
Elyvilon
Fedhas
Kikubaaqudgha
Sif Muna
Trog
Xom
Beogh


Innate Abilities, Weirdness & Mutations

You can fly.
You have a beak for a mouth.
You have claws for feet.


Message History

Aiming: Flame Tongue
Press: ? - help, Shift-Dir - straight line, f/p - griffon
Aim: a griffon (moderately wounded, covered in liquid flames)
The flame hits the griffon.
The griffon is moderately wounded.
The griffon burns!
The griffon bites you. The griffon pecks you.
* * * LOW HITPOINT WARNING * * *
The griffon claws you!
* * * LOW HITPOINT WARNING * * *
Casting: Flame Tongue
Confirm with . or Enter, or press ? or * to list all spells.
Aiming: Flame Tongue
Press: ? - help, Shift-Dir - straight line, f/p - griffon
Aim: a griffon (heavily wounded, covered in liquid flames)
The flame hits the griffon.
The griffon is severely wounded.
The griffon burns!
The griffon bites you.
* * * LOW HITPOINT WARNING * * *
The griffon pecks you!
You die...

###+ #§§§§ #§§§§§
+§§§§§8 §§§§§ # §§≈ ...
#≈≈#+++#+++## ...
≈≈≈....t@HH.# ..
≈≈≈≈.##+##..# #. ≈ ##.#
##.#### +(### #..##
#....# ...# ####..#
###..#####).#
##.###'###.##..#.$'..#
#%#.##<##%..#..#..#.H#
+.##%.<.'.##'..####..##.
#..###<##...#....###...#


You could see a silver statue, 2 griffons and a baby alligator.

Vanquished Creatures
  4 necrophages (D)
  A crocodile (D)
  4 brain worms (D)
  2 agate snails (D)
  4 giant centipedes (D)
15 creatures vanquished.

Vanquished Creatures (others)
  Menkaure (D)
1 creature vanquished.

Grand Total: 16 creatures vanquished

Notes
Turn   | Place    | Note
--------------------------------------------------------------
     0 | D        | Kae, the Tengu Fire Elementalist, began the quest for the Orb.
     0 | D        | Reached XP level 1. HP: 10/10 MP: 3/3
     0 | D        | Noticed an agate snail
     0 | D        | Noticed an agate snail
     3 | D        | Noticed a brain worm
    11 | D        | Killed a brain worm
    11 | D        | Reached skill level 7 in Conjurations
    11 | D        | Reached skill level 5 in Fire Magic
    11 | D        | Reached XP level 2. HP: 15/15 MP: 0/6
    11 | D        | Reached XP level 3. HP: 19/19 MP: 0/8
    11 | D        | Reached XP level 4. HP: 24/24 MP: 0/10
    14 | D        | Noticed a brain worm
    17 | D        | Killed a brain worm
    17 | D        | Reached skill level 9 in Conjurations
    17 | D        | Reached XP level 5. HP: 28/28 MP: 0/14
    18 | D        | Noticed a brain worm
    18 | D        | Noticed a brain worm
    20 | D        | Killed a brain worm
    20 | D        | Reached skill level 5 in Spellcasting
    20 | D        | Reached skill level 10 in Conjurations
    28 | D        | Killed a brain worm
    28 | D        | Reached skill level 11 in Conjurations
    28 | D        | Reached XP level 6. HP: 22/32 MP: 2/18
   124 | D        | Learned a level 2 spell: Throw Flame
   128 | D        | Learned a level 3 spell: Conjure Flame
   133 | D        | Learned a level 4 spell: Sticky Flame
   139 | D        | Learned a level 5 spell: Fireball
   413 | D        | Noticed a necrophage
   413 | D        | Noticed a necrophage
   413 | D        | Noticed a necrophage
   413 | D        | Noticed a necrophage
   420 | D        | Killed a necrophage
   420 | D        | Reached skill level 12 in Conjurations
   420 | D        | Killed Menkaure
   430 | D        | Killed a necrophage
   430 | D        | Reached skill level 13 in Conjurations
   430 | D        | Reached XP level 7. HP: 36/36 MP: 2/21
   446 | D        | Killed a necrophage
   449 | D        | Killed a necrophage
   449 | D        | Reached skill level 14 in Conjurations
   548 | D        | Killed an agate snail
   553 | D        | Killed an agate snail
   553 | D        | Reached XP level 8. HP: 20/41 MP: 3/23
   710 | D        | Noticed a crocodile
   722 | D        | Killed a crocodile
   722 | D        | Reached skill level 15 in Conjurations
   722 | D        | Reached skill level 10 in Fire Magic
   832 | D        | Found a roughly hewn altar of Beogh.
   832 | D        | Found a bloodstained altar of Trog.
   832 | D        | Found a white marble altar of Elyvilon.
   832 | D        | Found a blossoming altar of Fedhas.
   834 | D        | Found a shimmering altar of Xom.
   834 | D        | Found a snail-covered altar of Cheibriados.
   834 | D        | Found an ancient bone altar of Kikubaaqudgha.
   834 | D        | Found a deep blue altar of Sif Muna.
   839 | D        | Noticed a griffon
   839 | D        | Noticed a griffon
   839 | D        | Noticed a griffon
   856 | D        | Noticed a baby alligator
   857 | D        | Noticed a silver statue
   862 | D        | HP: 2/41 [griffon (1)]
   862 | D        | Mangled by a griffon

Action                   |  1- 3 |  4- 6 |  7- 9 || total
-------------------------+-------+-------+-------++-------
Melee: Unarmed           |     3 |    11 |       ||    14
 Cast: Flame Tongue      |     1 |    25 |    29 ||    55
       Conjure Flame     |       |     2 |     3 ||     5
       Sticky Flame      |       |       |     3 ||     3
 Abil: Fly               |       |       |     1 ||     1
  Use: Potion            |     1 |       |     1 ||     2
